[Event "Early-Titled-Tuesday-Blitz-October-10-2023"]
[Site "Chess.com"]
[Date "2023.10.10"]
[Round "1"]
[White "Alex_Sahakyan2006"]
[Black "levallem"]
[Result "1-0"]
[WhiteElo "2688"]
[BlackElo "2387"]
[TimeControl "180+1"]
[EndTime "8:01:12 PDT"]
[Termination "Alex_Sahakyan2006 won by resignation"]

1. Nf3 d5 2. e3 Nf6 3. c4 e6 4.
Nc3 Be7 5. b3 O-O 6. Bb2 b6 7.
cxd5 Nxd5 8. Nxd5 Qxd5 9. Qc2 c5 10. Bd3 h6 11. Bh7+ Kh8 12. Be4 1-0

[Event "Early-Titled-Tuesday-Blitz-October-10-2023"]
[Site "Chess.com"]
[Date "2023.10.10"]
[Round "1"]
[White "Misticpikachu"]
[Black "Baku_Boulevard"]
[Result "0-1"]
[WhiteElo "2516"]
[BlackElo "3060"]
[TimeControl "180+1"]
[EndTime "8:02:02 PDT"]
[Termination "Baku_Boulevard won by resignation"]

1. c4 Nf6 2. Nc3 g6 3. e4 d6 4. g3 Bg7 5. Bg2 c5 6. d3 Nc6 7. Nge2 Rb8 8. O-O h5 9. h3 h4 10. g4 Nxg4 11. hxg4 Bxg4 12. Be3 h3 13. Bh1 h2+ 14.
Kg2 Bh3+ 15. Kf3 Qd7 16. Bf4 Bd4 17. Nxd4 Bg4+ 0-1

[Event "Early-Titled-Tuesday-Blitz-October-10-2023"]
[Site "Chess.com"]
[Date "2023.10.10"]
[Round "1"]
[White "kirillshevchenko"]
[Black "AleksanderHnydiuk"]
[Result "1-0"]
[WhiteElo "2965"]
[BlackElo "2509"]
[TimeControl "180+1"]
[EndTime "8:02:36 PDT"]
[Termination "kirillshevchenko won by resignation"]

1. c4 Nf6 2. Nc3 c5 3. Nf3 d5 4. cxd5 Nxd5 5. g3 Nc6 6. Bg2 Nc7 7. d3 e5 8. Nd2 Bd7 9. Nc4 Be7 10. O-O f6 11. f4 exf4 12. Bxf4 O-O 13. Kh1 Kh8 14.
Rc1 Be6 15. Qa4 Nd5 16. Qb5 Nd4 17. Qxb7 Rb8 18. Bxb8 1-0

[Event "Early-Titled-Tuesday-Blitz-October-10-2023"]
[Site "Chess.com"]
[Date "2023.10.10"]
[Round "1"]
[White "Bilan_Danila"]
[Black "cukin84"]
[Result "1-0"]
[WhiteElo "2576"]
[BlackElo "2198"]
[TimeControl "180+1"]
[EndTime "8:02:45 PDT"]
[Termination "Bilan_Danila won by resignation"]

1. d4 f5 2. Nf3 Nf6 3. g3 g6 4. Bg2 Bg7 5. O-O O-O 6. c4 d6 7.
Nc3 Qe8 8. Qc2 e6 9. e4 e5 10. dxe5 dxe5 11. Be3 Nh5 12. Bc5 Rf7 13. Ng5 Rd7 14.
exf5 b6 15. Bxa8 1-0

[Event "Early-Titled-Tuesday-Blitz-October-10-2023"]
[Site "Chess.com"]
[Date "2023.10.10"]
[Round "1"]
[White "UK_23"]
[Black "Kirill_Klukin"]
[Result "0-1"]
[WhiteElo "2380"]
[BlackElo "2675"]
[TimeControl "180+1"]
[EndTime "8:02:54 PDT"]
[Termination "Kirill_Klukin won by resignation"]

1. e4 c5 2. Nf3 Nc6 3. Bb5 g6 4. O-O Bg7 5. Re1 Nf6 6. c3 O-O 7. e5 Nd5 8. d4 cxd4 9. cxd4 d6 10.
exd6 Qxd6 11. Nc3 Bg4 12. Ne4 Qb4 13. Bxc6 bxc6 14. a3 Bxf3 15. axb4 Bxd1 16. Rxd1 Nxb4 17. Be3 Rfd8 18. Rdc1 Bxd4 0-1

[Event "Early-Titled-Tuesday-Blitz-October-10-2023"]
[Site "Chess.com"]
[Date "2023.10.10"]
[Round "1"]
[White "YouJustFoundYourGodfather"]
[Black "carloseduar100"]
[Result "1-0"]
[WhiteElo "2633"]
[BlackElo "2335"]
[TimeControl "180+1"]
[EndTime "8:03:19 PDT"]
[Termination "YouJustFoundYourGodfather won by resignation"]

1. g3 d5 2. Bg2 c6 3. d3 Nf6 4.
Nc3 Bf5 5. Nf3 e6 6. Nh4 Bg6 7. e4 Nbd7 8. O-O Bd6 9. f4 dxe4 10. dxe4 Bc5+ 11. Kh1 Ng4 12. Qxg4 Nf6 13. Qd1 Qc7 14. e5 Nd5 15. Nxd5 exd5 16. f5 1-0

[Event "Early-Titled-Tuesday-Blitz-October-10-2023"]
[Site "Chess.com"]
[Date "2023.10.10"]
[Round "1"]
[White "FoxOnTheRun97"]
[Black "kritipatel"]
[Result "1-0"]
[WhiteElo "2552"]
[BlackElo "2118"]
[TimeControl "180+1"]
[EndTime "8:03:23 PDT"]
[Termination "FoxOnTheRun97 won by resignation"]

1. d4 d5 2. c4 e6 3. Nf3 Nf6 4. g3 Be7 5. Bg2 O-O 6. O-O dxc4 7. Qc2 a6 8. a4 Bd7 9. Qxc4 Bc6 10. Bf4 Bd5 11.
Qxc7 Nc6 12. Nc3 Qe8 13. Nxd5 Nxd5 14. Qxb7 Nxf4 15. gxf4 Rb8 16. Qxa6 Rxb2 17. e3 Nb4 18. Qb5 Qa8 19. Ne5 1-0

[Event "Early-Titled-Tuesday-Blitz-October-10-2023"]
[Site "Chess.com"]
[Date "2023.10.10"]
[Round "1"]
[White "JohnnyAnto"]
[Black "aaaao"]
[Result "0-1"]
[WhiteElo "2425"]
[BlackElo "2739"]
[TimeControl "180+1"]
[EndTime "8:03:27 PDT"]
[Termination "aaaao won by resignation"]

1. e4 g6 2. d4 Bg7 3. Nc3 c6 4. h3 b5 5. Nf3 b4 6. Ne2 d6 7. a3 bxa3 8. Rxa3 Bb7 9. Ng3 Nd7 10. Bd3 Ngf6 11. O-O O-O 12. Re1 c5 13. c3 Nb6 14. e5 Nfd5 15. dxc5 dxc5 16. e6 f5 17. Ng5 Qc7 18. Qe2 Nf4 19. Bxf4 Qxf4 20. Nf7 c4 21. Bc2 Bd5 22. Rea1 Qc7 23. Ra5 Qc6 24. Rxa7 Bxg2 25.
Rxe7 Rxa1+ 0-1

[Event "Early-Titled-Tuesday-Blitz-October-10-2023"]
[Site "Chess.com"]
[Date "2023.10.10"]
[Round "1"]
[White "Amirreza_p"]
[Black "kidagent"]
[Result "1-0"]
[WhiteElo "2590"]
[BlackElo "2261"]
[TimeControl "180+1"]
[EndTime "8:03:27 PDT"]
[Termination "Amirreza_p won by resignation"]

1. d4 d5 2. Bf4 Nf6 3. e3 c5 4. c3 Nc6 5. Nd2 e6 6. Ngf3 Bd6 7. Bg3 O-O 8. Bd3 Re8 9. Ne5 Bxe5 10.
dxe5 Nd7 11. f4 d4 12. Ne4 Nf8 13. Qh5 dxe3 14. O-O-O Qc7 15. Nf6+ gxf6 16. exf6 1-0

[Event "Early-Titled-Tuesday-Blitz-October-10-2023"]
[Site "Chess.com"]
[Date "2023.10.10"]
[Round "1"]
[White "mishanick"]
[Black "guillembaches"]
[Result "1-0"]
[WhiteElo "3074"]
[BlackElo "2517"]
[TimeControl "180+1"]
[EndTime "8:03:32 PDT"]
[Termination "mishanick won by resignation"]

1. d4 d5 2. c4 Nc6 3. Nf3 Bg4 4. Bg5 h6 5. Bh4 Bxf3 6. gxf3 g5 7. Bg3 e6 8. Nc3 Bg7 9. e3 Nge7 10. Bd3 Qd7 11. cxd5 exd5 12. Qb3 Rb8 13. h4 g4 14. fxg4 Qxg4 15.
Nxd5 Nxd5 16. Qxd5 O-O 17. Bf5 Ne7 18. Qxf7+ Kxf7 19. Bxg4 Nd5 20. Rc1 Rbd8 21. Bxc7 Kg8 22. Bxd8 1-0

[Event "Early-Titled-Tuesday-Blitz-October-10-2023"]
[Site "Chess.com"]
[Date "2023.10.10"]
[Round "1"]
[White "ploxoi"]
[Black "BocharovD"]
[Result "0-1"]
[WhiteElo "2431"]
[BlackElo "2748"]
[TimeControl "180+1"]
[EndTime "8:03:35 PDT"]
[Termination "BocharovD won by resignation"]

1. d4 Nf6 2. c4 e6 3. g3 c5 4. d5 exd5 5. cxd5 d6 6. Nc3 g6 7. Bg2 Bg7 8. Nf3 O-O 9. O-O Re8 10. Nd2 a6 11. a4 Nbd7 12. h3 Rb8 13. Nc4 Ne5 14. Na3 Nh5 15. e4 Bd7 16. a5 b5 17.
axb6 Bb5 18. Naxb5 axb5 19. Nxb5 Qxb6 20. Na3 Qb3 21.
Qxb3 Rxb3 22. Bd2 Rxb2 23. Bc3 Rb3 24. Bxe5 Bxe5 25. Ra2 Ra8 0-1

[Event "Early-Titled-Tuesday-Blitz-October-10-2023"]
[Site "Chess.com"]
[Date "2023.10.10"]
[Round "1"]
[White "pirulillo"]
[Black "GP9isback23"]
[Result "1-0"]
[WhiteElo "2353"]
[BlackElo "2617"]
[TimeControl "180+1"]
[EndTime "8:03:46 PDT"]
[Termination "pirulillo won by resignation"]

1. e4 c5 2. Nf3 e6 3. d3 Nc6 4. g3 d5 5. Bg2 Nf6 6. Nbd2 Be7 7. O-O O-O 8. e5 Nd7 9. Re1 b5 10. Nf1 b4 11. a4 bxa3 12. bxa3 a5 13. a4 Ba6 14.
Bf4 Rb8 15. h4 c4 16. d4 c3 17. N1h2 Rb2 18. Bf1 Bxf1 19. Kxf1 Nb4 20. Rc1 Nb6 21. Ng5 h6 22. Qh5 Bxg5 23. hxg5 hxg5 24. Bxg5 Qe8 25.
Bf6 Nd7 26. Ng4 Nxc2 27. Rxc2 Rxc2 28. Qg5 1-0

[Event "Early-Titled-Tuesday-Blitz-October-10-2023"]
[Site "Chess.com"]
[Date "2023.10.10"]
[Round "1"]
[White "ylr5000"]
[Black "Mikhail_Bryakin"]
[Result "1-0"]
[WhiteElo "2472"]
[BlackElo "2794"]
[TimeControl "180+1"]
[EndTime "8:03:48 PDT"]
[Termination "ylr5000 won by resignation"]

1. d4 g6 2. Nf3 Bg7 3. g3 Nf6 4. Bg2 O-O 5. O-O d5 6. c4 dxc4 7. Na3 Be6 8. Ne5 Bd5 9. Naxc4 Bxg2 10. Kxg2 Nc6 11. Nxc6 Qd5+ 12. f3 Qxc6 13. Ne5 Qe6 14. Qc2 c6 15. e4 Rfd8 16. Be3 c5 17. Qxc5 Rac8 18. Qa3 Rc2+ 19. Rf2 Rxf2+ 20. Bxf2 a6 21. Rc1 Ne8 22. Qa5 Rc8 23. d5 Qxe5 24. Rxc8 Kf8 25. Qd8 1-0

[Event "Early-Titled-Tuesday-Blitz-October-10-2023"]
[Site "Chess.com"]
[Date "2023.10.10"]
[Round "1"]
[White "GaiozNigalidze"]
[Black "Kotofeyca"]
[Result "0-1"]
[WhiteElo "2712"]
[BlackElo "2434"]
[TimeControl "180+1"]
[EndTime "8:04:01 PDT"]
[Termination "Kotofeyca won by resignation"]

1. d4 d5 2. c4 c6 3. cxd5 cxd5 4. Nc3 Nf6 5. Bf4 Nc6 6. e3 a6 7. Nf3 Bg4 8. h3 Bxf3 9. gxf3 e6 10. Bh2 Bd6 11.
f4 g6 12. Bd3 Nh5 13. O-O f5 14. Kh1 Rc8 15. Rc1 Qh4 16. Qf3 Nf6 17. Na4 Ne4 18.
Rc2 O-O 19. Nb6 Rc7 20. Rfc1 Nb4 21. Rxc7 Bxc7 22. Rxc7 Nxd3 23. Bg1 Ne1 0-1

[Event "Early-Titled-Tuesday-Blitz-October-10-2023"]
[Site "Chess.com"]
[Date "2023.10.10"]
[Round "1"]
[White "Logman74"]
[Black "Vladimir_Zakhartsov"]
[Result "0-1"]
[WhiteElo "2469"]
[BlackElo "2833"]
[TimeControl "180+1"]
[EndTime "8:04:13 PDT"]
[Termination "Vladimir_Zakhartsov won by resignation"]

1. e4 c5 2. Nf3 Nc6 3. d4 cxd4 4. Nxd4 e6 5. Nc3 Qc7 6. g3 a6 7. Bg2 Nf6 8. O-O h5 9. Bg5 Bc5 10. Nxc6 bxc6 11. Bxf6 gxf6 12. h4 Qxg3 13. Qf3 Qxh4 14.
Na4 Bd6 15. Qh3 Qxh3 16. Bxh3 Rb8 17. c3 Ke7 18. Rfd1 Rg8+ 19. Kf1 a5 20. b3 Be5 21. Rd3 Ba6 0-1

[Event "Early-Titled-Tuesday-Blitz-October-10-2023"]
[Site "Chess.com"]
[Date "2023.10.10"]
[Round "1"]
[White "MatthewG-p4p"]
[Black "KamlaPasand"]
[Result "1-0"]
[WhiteElo "2830"]
[BlackElo "2462"]
[TimeControl "180+1"]
[EndTime "8:04:13 PDT"]
[Termination "MatthewG-p4p won by checkmate"]

1. e4 e5 2. Nf3 Nc6 3. d4 exd4 4. Nxd4 Bc5 5. Nb3 Bb6 6. Nc3 Nge7 7. Bf4 O-O 8. Qd2 a5 9. a4 d6 10. O-O-O f5 11.
Kb1 fxe4 12. Nxe4 Bf5 13. Bd3 Nb4 14. Rhe1 Nxd3 15. cxd3 Nd5 16. Bg5 Qd7 17. f3 Nb4 18. Qc3 Qxa4 19. Nc1 Rae8 20. h4 Be6 21. b3 Qd7 22. g4 Nd5 23. Qb2 a4 24. h5 axb3 25.
h6 g6 26. Nxb3 Ra8 27. Ned2 Ba5 28. Rc1 Bb4 29. Rxe6 Qxe6 30. Qg7# 1-0

[Event "Early-Titled-Tuesday-Blitz-October-10-2023"]
[Site "Chess.com"]
[Date "2023.10.10"]
[Round "1"]
[White "Anton_Demchenko"]
[Black "brm72"]
[Result "1-0"]
[WhiteElo "3014"]
[BlackElo "2513"]
[TimeControl "180+1"]
[EndTime "8:04:16 PDT"]
[Termination "Anton_Demchenko won by resignation"]

1. e4 c5 2. Nf3 d6 3. d4 cxd4 4. Nxd4 Nf6 5. Nc3 a6 6. Bd3 e5 7. Nde2 Be7 8. O-O Be6 9. h3 Nc6 10. f4 b5 11. Be3 O-O 12. a4 b4 13. Nd5 Bxd5 14. exd5 Na5 15. Ng3 Re8 16. Qf3 Qc7 17.
b3 Nb7 18. Rad1 Nc5 19. fxe5 dxe5 20. Bc4 Bd6 21. Nf5 Rad8 22. Nxg7 e4 23. Qxf6 Be5 24. Nxe8 Bxf6 25. Nxc7 1-0

[Event "Early-Titled-Tuesday-Blitz-October-10-2023"]
[Site "Chess.com"]
[Date "2023.10.10"]
[Round "1"]
[White "ChessTankMan"]
[Black "artooon"]
[Result "0-1"]
[WhiteElo "2511"]
[BlackElo "3005"]
[TimeControl "180+1"]
[EndTime "8:04:16 PDT"]
[Termination "artooon won by resignation"]

1. e4 c5 2. Nf3 Nc6 3. Bb5 Nf6 4. Qe2 g6 5. O-O Bg7 6. c3 O-O 7. d4 d5 8. e5 Ne4 9. Bxc6 bxc6 10. Be3 a5 11. Nbd2 Ba6 12. Qd1 Bxf1 13. Qxf1 Nxd2 14. Nxd2 e6 15. f4 Qb8 16. Rb1 cxd4 17. Bxd4 Rc8 18.
Qf2 Qb5 19. Bc5 a4 20. Nf3 h6 21. h4 h5 22. Kh2 Rab8 23. Bd6 Rb7 24. Bc5 Qc4 25.
a3 Qxf4+ 26. g3 Qf5 27. Rf1 Rcb8 28. Bb4 Bf8 29. Qe3 Qe4 30. Qxe4 dxe4 31. Ng5 c5 32.
Ba5 e3 33. c4 Rxb2+ 34. Kh3 e2 35. Rxf7 R2b4 36. axb4 e1=Q 0-1

[Event "Early-Titled-Tuesday-Blitz-October-10-2023"]
[Site "Chess.com"]
[Date "2023.10.10"]
[Round "1"]
[White "Tsyhanchuk_Stanislav"]
[Black "c63_amg"]
[Result "0-1"]
[WhiteElo "2457"]
[BlackElo "2817"]
[TimeControl "180+1"]
[EndTime "8:04:17 PDT"]
[Termination "c63_amg won by resignation"]

1. e4 c5 2. Nf3 d6 3. c4 Nf6 4.
Nc3 g6 5. d4 cxd4 6. Nxd4 Bg7 7. Be2 O-O 8. O-O Nc6 9. Be3 Bd7 10. Rc1 a5 11. b3 Nxd4 12. Bxd4 Bc6 13. Qd3 Nd7 14.
Bxg7 Kxg7 15. f4 a4 16. b4 Qb6+ 17. Kh1 Qxb4 18. Nd5 Bxd5 19. cxd5 Nc5 20. Qh3 Qxe4 21. Bf3 Qf5 22. Bg4 Qf6 23. f5 g5 24. Rf3 Rac8 25.
Re1 Ne4 26. Rfe3 Nf2+ 0-1

[Event "Early-Titled-Tuesday-Blitz-October-10-2023"]
[Site "Chess.com"]
[Date "2023.10.10"]
[Round "1"]
[White "zozik"]
[Black "GeorgiosSouleidis"]
[Result "0-1"]
[WhiteElo "2342"]
[BlackElo "2635"]
[TimeControl "180+1"]
[EndTime "8:04:18 PDT"]
[Termination "GeorgiosSouleidis won by resignation"]

1. d4 Nf6 2. Nf3 g6 3. g3 Bg7 4. Bg2 O-O 5. O-O d6 6. c4 Nc6 7.
Nc3 e5 8. b3 exd4 9. Nxd4 Nxd4 10. Qxd4 Ne4 11. Qxe4 Bxc3 12. Bh6 Re8 13. Qc2 Bxa1 14.
Rxa1 Qf6 15. Qc1 Rxe2 16. Be3 c6 17. Qd1 Bg4 18. h3 Rxe3 19. hxg4 Re7 20. Rc1 Rae8 21. Qd2 Re2 0-1

[Event "Early-Titled-Tuesday-Blitz-October-10-2023"]
[Site "Chess.com"]
[Date "2023.10.10"]
[Round "1"]
[White "colegiodemadrid"]
[Black "Sharan_Rao"]
[Result "1-0"]
[WhiteElo "2377"]
[BlackElo "2608"]
[TimeControl "180+1"]
[EndTime "8:04:25 PDT"]
[Termination "colegiodemadrid won by checkmate"]

1. e4 d5 2. exd5 Qxd5 3. Nc3 Qd8 4. d4 Nf6 5. Bc4 c6 6. Nf3 Bf5 7. Ne5 e6 8. g4 Bg6 9. h4 Bb4 10. h5 Bxc2 11. Qxc2 Qxd4 12. Qe2 Bxc3+ 13. bxc3 Qxc3+ 14. Kd1 Qxa1 15. Nxf7 Qd4+ 16. Bd2 O-O 17. Qxe6 Nbd7 18.
Ne5+ Kh8 19. Ng6+ hxg6 20. hxg6+ Nh5 21. Rxh5# 1-0

[Event "Early-Titled-Tuesday-Blitz-October-10-2023"]
[Site "Chess.com"]
[Date "2023.10.10"]
[Round "1"]
[White "Rsnr"]
[Black "MidnightFox"]
[Result "1-0"]
[WhiteElo "2852"]
[BlackElo "2477"]
[TimeControl "180+1"]
[EndTime "8:04:38 PDT"]
[Termination "Rsnr won by resignation"]

1. b3 d6 2. Bb2 Nd7 3. g3 Ngf6 4. Bg2 g6 5. c4 Bg7 6. Nc3 O-O 7. Nf3 e5 8. O-O Re8 9. e4 Nh5 10. d4 f5 11. exf5 gxf5 12. dxe5 dxe5 13. Nxe5 Nxe5 14. Qxh5 c6 15. Rad1 Qe7 16. Rfe1 Be6 17. Nd5 Bxd5 18. cxd5 Nf3+ 19. Bxf3 Qxe1+ 20. Rxe1 Rxe1+ 21. Kg2 Bxb2 22. dxc6 bxc6 23. Qxf5 Rf8 24. Qc2 Bd4 25. Qc4+ 1-0

[Event "Early-Titled-Tuesday-Blitz-October-10-2023"]
[Site "Chess.com"]
[Date "2023.10.10"]
[Round "1"]
[White "InitiatingASC"]
[Black "JuniorJumper"]
[Result "0-1"]
[WhiteElo "2334"]
[BlackElo "2632"]
[TimeControl "180+1"]
[EndTime "8:04:39 PDT"]
[Termination "JuniorJumper won by resignation"]

1. d4 d5 2. c4 e6 3. Nc3 c6 4. Nf3 dxc4 5. a4 Bb4 6. e3 b5 7. Bd2 a5 8. axb5 Bxc3 9. Bxc3 cxb5 10. b3 Bb7 11. bxc4 b4 12. Bb2 Nf6 13. Bd3 Nbd7 14. O-O O-O 15. Qc2 Qc7 16. e4 e5 17.
Nxe5 Nxe5 18. dxe5 Ng4 19. Rfc1 Nxe5 20. Bf1 Rfe8 21.
c5 Ng4 22. g3 Bxe4 23. Qd1 Ne5 24. Qd4 Nf3+ 0-1

[Event "Early-Titled-Tuesday-Blitz-October-10-2023"]
[Site "Chess.com"]
[Date "2023.10.10"]
[Round "1"]
[White "Casper"]
[Black "kingofthenil"]
[Result "0-1"]
[WhiteElo "2430"]
[BlackElo "2743"]
[TimeControl "180+1"]
[EndTime "8:04:40 PDT"]
[Termination "kingofthenil won by checkmate"]

1. e4 Nc6 2. d4 d5 3. exd5 Qxd5 4. Nf3 Bg4 5. c4 Qh5 6. Be3 O-O-O 7. d5 e6 8. Nc3 Nf6 9. Qa4 exd5 10. cxd5 Nxd5 11.
Nxd5 Rxd5 12. Bc4 Bb4+ 13. Kf1 Bxf3 14. gxf3 Qh3+ 15. Ke2 Rd2+ 16. Bxd2 Nd4+ 17. Kd3 Qxf3+ 18. Kxd4 Rd8+ 19. Bd5 Rxd5+ 20. Kc4 Qd3+ 21. Kxb4 c5+ 22.
Ka5 Qa6# 0-1

[Event "Early-Titled-Tuesday-Blitz-October-10-2023"]
[Site "Chess.com"]
[Date "2023.10.10"]
[Round "1"]
[White "amylazy"]
[Black "djano"]
[Result "1-0"]
[WhiteElo "2404"]
[BlackElo "2673"]
[TimeControl "180+1"]
[EndTime "8:04:41 PDT"]
[Termination "amylazy won by resignation"]

1. d4 d5 2. c4 e6 3. Nf3 c5 4. cxd5 exd5 5. Nc3 Nc6 6. e3 Nf6 7. Be2 Bd6 8. O-O O-O 9. dxc5 Bxc5 10. b3 Be6 11.
Bb2 Qe7 12. Nb5 Rfd8 13. Rc1 Ne4 14. Nfd4 a6 15. Nxc6 bxc6 16. Nd4 Bd7 17. Bg4 Be8 18. Nf5 Qg5 19. h4 Qg6 20. Rxc5 Ra7 21. h5 Qg5 22. f4 Qxf5 23. Bxf5 Nxc5 24. Qd4 Ne6 25. Bxe6 fxe6 26. Qxa7 Rd7 27. Qxa6 1-0

[Event "Early-Titled-Tuesday-Blitz-October-10-2023"]
[Site "Chess.com"]
[Date "2023.10.10"]
[Round "1"]
[White "Art10ECHR"]
[Black "Ali_rastbod"]
[Result "0-1"]
[WhiteElo "2411"]
[BlackElo "2718"]
[TimeControl "180+1"]
[EndTime "8:04:48 PDT"]
[Termination "Ali_rastbod won by resignation"]

1. Nf3 c5 2. g3 Nc6 3. Bg2 d5 4. d4 cxd4 5. Nxd4 e5 6. Nxc6 bxc6 7. c4 Nf6 8. Nc3 d4 9. Bxc6+ Bd7 10. Bxd7+ Qxd7 11. Nd5 Nxd5 12. cxd5 Bb4+ 13. Bd2 Bxd2+ 14. Qxd2 Qxd5 15. O-O O-O 16. Rfc1 a5 17. e3 d3 18. Rc3 e4 19. Ra3 h5 20. Ra4 h4 21. Rd4 Qf5 22. Qd1 Rfd8 23. gxh4 Rxd4 24. exd4 Rd8 25. Rc1 Rxd4 26.
Rc7 e3 27. fxe3 Rg4+ 28. Kh1 Qe4+ 0-1

[Event "Early-Titled-Tuesday-Blitz-October-10-2023"]
[Site "Chess.com"]
[Date "2023.10.10"]
[Round "1"]
[White "OparinGrigoriy"]
[Black "Sergey85Rodchenkov"]
[Result "1-0"]
[WhiteElo "2993"]
[BlackElo "2511"]
[TimeControl "180+1"]
[EndTime "8:04:53 PDT"]
[Termination "OparinGrigoriy won by resignation"]

1. c4 e5 2. Nc3 Nf6 3. Nf3 Nc6 4. g3 Bb4 5. Bg2 O-O 6. Nd5 Re8 7. O-O Bf8 8. d3 h6 9. e4 d6 10. h3 g6 11. Be3 Bg7 12. Qd2 Kh7 13. Nh2 Nd4 14. f4 Nh5 15. fxe5 dxe5 16. Rxf7 Be6 17. Rxc7 Bxd5 18. Rxg7+ Nxg7 19. cxd5 h5 20. Bxd4 exd4 21.
Nf3 Kh8 22. Re1 Qd6 23. Qh6+ Kg8 24. Ng5 1-0

[Event "Early-Titled-Tuesday-Blitz-October-10-2023"]
[Site "Chess.com"]
[Date "2023.10.10"]
[Round "1"]
[White "lamomiajunior"]
[Black "Gerasimenyuk_Miha"]
[Result "0-1"]
[WhiteElo "2725"]
[BlackElo "2442"]
[TimeControl "180+1"]
[EndTime "8:04:53 PDT"]
[Termination "Gerasimenyuk_Miha won by resignation"]

1. d4 d5 2. c4 c6 3. Nc3 Nf6 4. Nf3 Bg4 5. Ne5 Bh5 6. Qb3 Nbd7 7. Qxb7 Nxe5 8. dxe5 Nd7 9. Qxc6 d4 10. Nb5 Rc8 11. Qe4 e6 12. e3 Bb4+ 13. Bd2 Bxd2+ 14. Kxd2 dxe3+ 15. Kxe3 O-O 16. b3 Qb6+ 17. Qd4 Nc5 18. b4 f6 19. bxc5 Rxc5 20. exf6 a6 21. Nd6 e5 22. Qd2 Rd5+ 23. c5 Qxc5+ 0-1

[Event "Early-Titled-Tuesday-Blitz-October-10-2023"]
[Site "Chess.com"]
[Date "2023.10.10"]
[Round "1"]
[White "LeninGuerra"]
[Black "LUISMIGUELOV"]
[Result "1-0"]
[WhiteElo "2555"]
[BlackElo "2134"]
[TimeControl "180+1"]
[EndTime "8:04:54 PDT"]
[Termination "LeninGuerra won by resignation"]

1. e4 c6 2. Nf3 d5 3. exd5 cxd5 4. Ne5 Nc6 5. Bb5 Bd7 6. Bxc6 Bxc6 7. O-O e6 8. b3 Bd6 9. Bb2 Nf6 10. d3 O-O 11. Re1 Rc8 12. Nd2 Nd7 13. Ndf3 Nxe5 14. Nxe5 Qg5 15.
Bd4 Rfe8 16. g3 a6 17. f4 Qh6 18. Qg4 Bxe5 19. Rxe5 Bd7 20. Rh5 Qg6 21. Rg5 e5 22. Qxd7 Qh6 23. Rxe5 Red8 24. Rae1 1-0

[Event "Early-Titled-Tuesday-Blitz-October-10-2023"]
[Site "Chess.com"]
[Date "2023.10.10"]
[Round "1"]
[White "Zampronha1971"]
[Black "SharapovEvgeny"]
[Result "0-1"]
[WhiteElo "2301"]
[BlackElo "2610"]
[TimeControl "180+1"]
[EndTime "8:04:57 PDT"]
[Termination "SharapovEvgeny won by resignation"]

1. e4 c5 2. Nf3 d6 3. d4 cxd4 4. Nxd4 Nf6 5. Nc3 Nc6 6. Bg5 e6 7.
Qd2 Be7 8. O-O-O O-O 9. f4 Nxd4 10. Qxd4 Qa5 11. e5 dxe5 12. Qxe5 Qb6 13. Qe1 Rd8 14.
Rxd8+ Qxd8 15. Bd3 Bd7 16. Kb1 Bc6 17. Qe2 Nd5 18.
Nxd5 Bxg5 19. fxg5 Qxd5 20. h4 Qxg2 21. Qxg2 Bxg2 22.
Rd1 Bf3 23. Rd2 Bc6 24. Be2 Kf8 25. Kc1 Ke7 26. b4 Rd8 27. b5 Rxd2 28. Kxd2 Bg2 29.
Ke3 Kd6 30. Bd3 h6 31. Kd4 b6 32. gxh6 gxh6 33. c4 f5 0-1

[Event "Early-Titled-Tuesday-Blitz-October-10-2023"]
[Site "Chess.com"]
[Date "2023.10.10"]
[Round "1"]
[White "lefonghua"]
[Black "salomez"]
[Result "1-0"]
[WhiteElo "2606"]
[BlackElo "2294"]
[TimeControl "180+1"]
[EndTime "8:04:58 PDT"]
[Termination "lefonghua won by resignation"]

1. d4 Nf6 2. c4 g6 3. Nc3 Bg7 4. e4 d6 5. f4 O-O 6. Nf3 c5 7. d5 e6 8. Be2 exd5 9. cxd5 Re8 10.
Nd2 Bd7 11. a4 Na6 12. O-O Nc7 13. Bf3 Rb8 14. Nc4 Qe7 15. e5 Nfxd5 16. Nxd5 Nxd5 17. Bxd5 dxe5 18. fxe5 Bf5 19. Nd6 Bxe5 20. Bxf7+ Kh8 21. Nxf5 Qxf7 22. Nd6 Qc7 23. Nxe8 Bxh2+ 24. Kh1 Rxe8 25.
Bd2 1-0

[Event "Early-Titled-Tuesday-Blitz-October-10-2023"]
[Site "Chess.com"]
[Date "2023.10.10"]
[Round "1"]
[White "Henryk_S"]
[Black "TatjanaVasilevich"]
[Result "0-1"]
[WhiteElo "2150"]
[BlackElo "2562"]
[TimeControl "180+1"]
[EndTime "8:05:01 PDT"]
[Termination "TatjanaVasilevich won on time"]

1. e4 c5 2. c3 d5 3. exd5 Qxd5 4. d4 Nc6 5. Nf3 cxd4 6. cxd4 e6 7. Be2 Nf6 8. O-O Be7 9. Nc3 Qd8 10. Be3 O-O 11. Bc4 Nb4 12. Qb3 Nbd5 13. Rae1 b6 14. Nxd5 Nxd5 15. Bxd5 exd5 16. Ne5 Bf6 17. f4 Bf5 18. h3 Bxe5 19. dxe5 d4 20. Rd1 d3 21. Rd2 Qd7 22. g4 Be4 23. Qb4 Qb7 24. Rfd1 Rac8 25.
f5 Rfe8 26. Bf4 a5 27. Qa4 Bf3 28. Rxd3 Bxd1 29. Rxd1 Qf3 30. Qd4 Qxh3 0-1

[Event "Early-Titled-Tuesday-Blitz-October-10-2023"]
[Site "Chess.com"]
[Date "2023.10.10"]
[Round "1"]
[White "GHANDEEVAM2003"]
[Black "IamSchrodingersCat"]
[Result "1-0"]
[WhiteElo "3056"]
[BlackElo "2515"]
[TimeControl "180+1"]
[EndTime "8:05:03 PDT"]
[Termination "GHANDEEVAM2003 won by checkmate"]

1. Nf3 Nf6 2. c4 g6 3. Nc3 Bg7 4. g3 O-O 5. Bg2 d6 6. O-O e5 7. d4 exd4 8. Nxd4 Nbd7 9. b3 Re8 10. Bb2 a6 11. e3 Rb8 12. h3 Ne5 13. f4 Ned7 14. e4 c5 15. Nf3 Nxe4 16. Nxe4 Bxb2 17. Nxd6 Bxa1 18. Nxe8 Bh8 19. Re1 b5 20. Nd6 Nf6 21. Ne5 Qc7 22. Nexf7 Bg7 23. Bd5 Nxd5 24. Qxd5 Bb7 25.
Nh6+ Kf8 26. Qg8# 1-0

[Event "Early-Titled-Tuesday-Blitz-October-10-2023"]
[Site "Chess.com"]
[Date "2023.10.10"]
[Round "1"]
[White "Rodalquilar"]
[Black "PatzerSmashers"]
[Result "1-0"]
[WhiteElo "2742"]
[BlackElo "2430"]
[TimeControl "180+1"]
[EndTime "8:05:06 PDT"]
[Termination "Rodalquilar won by resignation"]

1. d4 d5 2. Nf3 Nf6 3. Bf4 c5 4. e3 Nc6 5. Nbd2 e6 6. c3 cxd4 7. exd4 Nh5 8. Be3 Bd6 9. Ne5 g6 10. Nd3 Ng7 11. g3 O-O 12. Bg2 f6 13. O-O Nf5 14.
Bf4 b6 15. Re1 Re8 16. Rc1 Ba6 17. Bxd6 Qxd6 18. Nf4 Rad8 19. Qg4 Kg7 20. h4 Nh6 21. Nxe6+ Kg8 22. Qf4 Rxe6 23. Qxh6 Rde8 24. Rxe6 Qxe6 25. Qe3 Bc8 26. Bxd5 1-0